 Dungeon Crawl Stone Soup version 0.32-a0-918-g0f22ef8d61 (webtiles) character file.

Game seed: 15420219101349275581

9558 riojii the Cleaver (level 11, -5/92 HPs)
             Began as a Coglin Gladiator on Apr 11, 2024.
             Was a Priest of Makhleb.
             Slain by a boulder beetle (7 damage)
             ... on level 10 of the Dungeon.
             The game lasted 00:23:52 (9768 turns).

riojii the Cleaver (Coglin Gladiator)               Turns: 9768, Time: 00:23:53

Health: -5/92      AC: 22    Str: 18    XL:     11   Next: 48%
Magic:  11/11      EV:  7    Int:  8    God:    Makhleb [***...]
Gold:   603        SH:  0    Dex: 16    Spells: 10/10 levels left

rFire   . . .        B - +1 war axe (vamp) {Takurtum}
rCold   . . .        v - +0 war axe (spect) {Anneliese}
rNeg    . . .        k - +3 plate armour
rPois   .            c - +0 helmet
rElec   +            g - +0 cloak
rCorr   .            u - +0 pair of gloves
SInv    .            d - +1 pair of boots of Lucaraah {rElec}
Will    .....        (amulet unavailable) Stlth
                     (ring unavailable)
HPRegen 0.35/turn    (ring unavailable)
MPRegen 0.12/turn    (no gizmo)

%: no passive effects
@: revving
A: off-hand wielding, slow wielding, warmup strikes, no jewellery
a: Invent Gizmo, Renounce Religion, Minor Destruction, Lesser Servant of Makhleb


You were on level 10 of the Dungeon.
You worshipped Makhleb.
Makhleb was most pleased with you.
You visited 2 branches of the dungeon, and saw 11 of its levels.
You also visited: Bailey.

You collected 603 gold pieces.

Inventory:

Hand Weapons
 v - a +0 spectral war axe (offhand) {Anneliese}
 B - a +1 vampiric war axe (weapon) {Takurtum}
Armour
 c - a +0 helmet (worn)
 d - the +1 pair of boots of Lucaraah (worn) {rElec}
   (You acquired it on level 8 of the Dungeon)

   rElec:     It insulates you from electricity.
 g - a +0 cloak (worn)
 k - a +3 plate armour (worn)
 u - a +0 pair of gloves (worn)
Wands
 e - a wand of paralysis (2)
 j - a wand of polymorph (6)
 m - a wand of flame (17)
 s - a wand of iceblast (10)
 w - a wand of mindburst (10)
Scrolls
 b - 2 scrolls of torment
 q - 3 scrolls of amnesia
 t - 2 scrolls of immolation
Potions
 a - a potion of enlightenment
 f - 2 potions of magic
 h - 2 potions of brilliance
 i - 4 potions of lignification
 l - a potion of cancellation
 n - a potion of berserk rage {unknown}
 p - a potion of haste {unknown}
 r - a potion of mutation {unknown}
 z - a potion of might {unknown}


   Skills:
 * Level 10.6 Fighting
 * Level 10.8 Axes
 - Level 1.7 Throwing
 + Level 6.4 Armour
 + Level 7.0 Dodging


You had 10 spell levels left.
You didn't know any spells.
Your spell library contained the following spells:

 Spells                   Type           Power      Damage    Failure   Level
 Magic Dart               Conj           0%         1d3       100%        1
 Necrotise                Necr           0%         1d4       100%        1
 Blink                    Tloc           0%         N/A       100%        2
 Call Imp                 Summ           0%         N/A       100%        2
 Jinxbite                 Hex            0%         N/A       100%        2
 Mercury Vapours          Alch/Air       0%         N/A       100%        2
 Frozen Ramparts          Ice            0%         1d1       100%        3
 Mephitic Cloud           Conj/Alch/Air  0%         N/A       100%        3
 Ozocubu's Armour         Ice            0%         N/A       100%        3
 Passwall                 Erth           0%         N/A       100%        3
 Teleport Other           Tloc           0%         N/A       100%        3
 Tukima's Dance           Hex            0%         N/A       100%        3
 Vampiric Draining        Necr           0%         2d6       100%        3
 Volatile Blastmotes      Fire/Tloc      0%         2d10      100%        3
 Martyr's Knell           Necr/Summ      0%         N/A       100%        4
 Passage of Golubria      Tloc           0%         N/A       100%        4
 Vhi's Electric Charge    Tloc/Air       0%         N/A       100%        4
 Curse of Agony           Necr           0%         N/A       100%        5
 Freezing Cloud           Conj/Ice/Air   0%         6-21      100%        5
 Metabolic Englaciation   Hex/Ice        0%         N/A       100%        5
 Yara's Violent Unravell  Hex/Alch       0%         3d3       100%        5
 Bombard                  Conj/Erth      0%         9d1       100%        6
 Dispersal                Tloc           0%         N/A       100%        6
 Gell's Gavotte           Tloc           0%         2d(11-16) 100%        6
 Enfeeble                 Hex            0%         N/A       100%        7


Dungeon Overview and Level Annotations

Branches:
Dungeon (10/15)            Temple (1/1) D:5            Lair (0/5) D:9
 Bailey (visited)
    Orc: D:9-12

Altars:
Ashenzari
Cheibriados
Dithmenos
Elyvilon
Fedhas
Gozag
Hepliaklqana
Kikubaaqudgha
Makhleb
Nemelex Xobeh
Okawaru
Qazlal
Ru
Sif Muna
Trog
Uskayaw
Vehumet
Wu Jian
The Shining One

Shops:
D:8 =

Annotations:
D:4 3 runed translucent doors, jejorda2's ghost, amateur GnBe


Innate Abilities, Weirdness & Mutations

You can wield a second weapon in your off-hand.
It takes a long time for you to wield or remove held weapons.
Your first few attacks do less damage.
You cannot equip rings or amulets.


Message History

The boulder beetle hits you!!!
The boulder beetle stops rolling and uncurls.
You hit the boulder beetle but do no damage. x2
Your +0 spectral war axe {Anneliese} hits the boulder beetle but does no damage.
The boulder beetle bites you but does no damage.
You hit the boulder beetle but do no damage. x2
Your +0 spectral war axe {Anneliese} hits the boulder beetle but does no damage.
The boulder beetle bites you!
You are too injured to fight recklessly!
You are too injured to fight recklessly!
You are too injured to fight recklessly!
You hit the boulder beetle with your +0 spectral war axe.
The boulder beetle is lightly wounded.
You hit the boulder beetle with your +1 vampiric war axe.
You feel better.
Your +0 spectral war axe {Anneliese} hits the boulder beetle.
The boulder beetle bites you but does no damage.
You hit the boulder beetle but do no damage.
The boulder beetle is lightly wounded.
You barely miss the boulder beetle with your +1 vampiric war axe.
Your +0 spectral war axe {Anneliese} hits the boulder beetle but does no damage.
The boulder beetle bites you!
* * * LOW HITPOINT WARNING * * *
You hit the boulder beetle but do no damage.
The boulder beetle is lightly wounded.
You hit the boulder beetle but do no damage.
Your +0 spectral war axe {Anneliese} barely misses the boulder beetle.
The boulder beetle leaps!
Your +0 spectral war axe {Anneliese} disappears.
The boulder beetle curls into a ball and begins rolling!
The boulder beetle attacks as it pursues you!
The boulder beetle hits you!!
* * * LOW HITPOINT WARNING * * *
The boulder beetle stops rolling and uncurls.
The boulder beetle barely misses you.
Aiming: Paralyse
Press: ? - help, Shift-Dir - straight line, f - boulder beetle
Aim: a boulder beetle (chance to affect: 31%)
The boulder beetle easily resists.
The boulder beetle bites you!
You die...

.# ##.## #...
#############.# .##
#.......##....# ..#
#.<.....○°°...###..#### #
#......B##.#...........
#.#.......@..............
####.#.).....##.......#....
#............##.......#.# .
#.##.#..<...............#
.##.##.####.###.....####
...........#.###.....#
..###.#.##.#[......###
#.#.##.#######.# .
..##.........#


You could see a boulder beetle.

Vanquished Creatures
  3 two-headed ogres
  A rime drake (D:9)
  A komodo dragon (D:7)
  A troll (D:6)
  Prince Ribbit (D:8)
  6 yaks (D:9)
  A shadow (D:9)
  2 wyverns (D:8)
  An acid dragon (D:8)
  A water moccasin (D:8)
  4 sky beasts
  6 ice beasts
  8 orc warriors
  3 black bears
  3 ogres
  3 centaurs
  2 wolves (D:9)
  4 phantoms
  3 kobold brigands
  A gnoll sergeant (D:9)
  3 bullfrogs
  4 wights (D:7)
  13 killer bees
  A howler monkey (D:6)
  2 bombardier beetles
  3 hounds
  4 jellies
  6 orc priests
  Jessica (D:2)
  Ijyb (D:5)
  Terence (D:2)
  3 iguanas
  5 orc wizards
  Natasha (thrice) (D:2)
  9 adders
  4 gnolls
  A shadow imp (D:7)
  2 white imps
  2 ufetubi (D:6)
  4 dart slugs
  5 ribbon worms
  38 orcs
  5 ball pythons
  10 endoplasms
  6 giant cockroaches
  10 goblins
  11 hobgoblins
  4 jackals
  3 quokkas
  7 bats
  5 frilled lizards
  32 kobolds
  8 rats
271 creatures vanquished.

Vanquished Creatures (others)
  2 spectral weapons
2 creatures vanquished.

Grand Total: 273 creatures vanquished

Notes
Turn   | Place    | Note
-------+----------+-------------------------------------------
     0 | D:1      | riojii the Coglin Gladiator began the quest for the Orb.
     0 | D:1      | Reached XP level 1. HP: 16/16 MP: 1/1
    62 | D:1      | Reached XP level 2. HP: 22/22 MP: 2/2
   606 | D:2      | Found a sparkling altar of Nemelex Xobeh.
   651 | D:2      | You fall into a shaft and drop 2 floors!
   670 | D:4      | Reached skill level 1 in Armour
   670 | D:4      | Reached XP level 3. HP: 15/28 MP: 3/3
   676 | D:4      | Reached XP level 4. HP: 20/35 MP: 4/4
   781 | D:4      | Reached XP level 5. HP: 41/41 MP: 5/5
   851 | D:4      | Noticed an ogre
   880 | D:4      | Killed an ogre
   881 | D:4      | Reached XP level 6. HP: 19/48 MP: 6/6
  1218 | D:4      | Noticed a black bear
  1234 | D:4      | Killed a black bear
  1267 | D:4      | Found a runed translucent gate.
  1267 | D:4      | Found a runed translucent gate.
  1267 | D:4      | Found a runed translucent gate.
  1268 | D:4      | Noticed jejorda2's ghost (amateur GnBe)
  1365 | D:2      | Noticed Natasha
  1371 | D:2      | Killed Natasha
  1372 | D:2      | Reached skill level 5 in Axes
  1494 | D:2      | Noticed Jessica
  1500 | D:2      | Killed Jessica
  1501 | D:2      | Reached XP level 7. HP: 47/55 MP: 7/7
  1566 | D:2      | Noticed Natasha
  1573 | D:2      | Killed Natasha
  1688 | D:2      | Noticed Terence
  1696 | D:2      | Killed Terence
  1766 | D:2      | Found a faded altar of an unknown god.
  1819 | D:2      | Noticed Natasha
  1826 | D:2      | Killed Natasha
  2049 | D:3      | Found an iron altar of Okawaru.
  3149 | D:4      | Reached skill level 5 in Fighting
  3389 | D:5      | Entered Level 5 of the Dungeon
  3417 | D:5      | Reached XP level 8. HP: 24/63 MP: 8/8
  3590 | D:5      | Found a staircase to the Ecumenical Temple.
  4062 | D:5      | Noticed Ijyb
  4074 | D:5      | Killed Ijyb
  4471 | Temple   | Found a transporter.
  4471 | Temple   | Found a transporter.
  4471 | Temple   | Found a transporter.
  4471 | Temple   | Found a transporter.
  4471 | Temple   | Entered the Ecumenical Temple
  4486 | Temple   | Became a worshipper of Makhleb the Destroyer
  4749 | D:6      | Noticed a troll
  4765 | D:6      | Killed a troll
  5010 | D:6      | Reached XP level 9. HP: 71/71 MP: 9/9
  5326 | D:7      | Found a broken altar of Ashenzari.
  5339 | D:7      | Reached skill level 5 in Dodging
  5744 | D:7      | Reached * piety under Makhleb
  6224 | D:7      | Noticed a komodo dragon
  6239 | D:7      | Killed a komodo dragon
  6456 | D:7      | Identified the +5 scale mail of Aphur {rElec MP+9 Int-2
                  | SInv}
  6502 | D:7      | Reached XP level 10. HP: 81/81 MP: 10/10
  7075 | D:8      | Reached skill level 5 in Armour
  7136 | D:8      | Found Olejinn's Jewellery Shop.
  7416 | D:8      | Found a flagged portal.
  7421 | D:8      | Reached ** piety under Makhleb
  7430 | Bailey   | Entered a bailey
  7435 | Bailey   | Noticed an orc warlord
  7590 | Bailey   | Found a runed translucent gate.
  7592 | Bailey   | Found a runed translucent gate.
  7597 | Bailey   | Found a runed translucent gate.
  7799 | Bailey   | HP: 1/83 [something/+2 broad axe (7)]
  8109 | D:8      | Acquired the +1 pair of boots of Lucaraah {rElec}
  8166 | D:8      | Found a stormy altar of Qazlal.
  8397 | D:8      | Noticed Prince Ribbit
  8404 | D:8      | Killed Prince Ribbit
  8573 | D:8      | Found an opulent altar of Gozag.
  8574 | D:8      | Found a hide-covered altar of Uskayaw.
  8575 | D:8      | Found a sparkling altar of Nemelex Xobeh.
  8576 | D:8      | Found a bloodstained altar of Trog.
  8655 | D:8      | Found a snail-covered altar of Cheibriados.
  9008 | D:9      | Found a blossoming altar of Fedhas.
  9021 | D:9      | Reached *** piety under Makhleb
  9069 | D:9      | Noticed a two-headed ogre
  9083 | D:9      | Killed a two-headed ogre
  9084 | D:9      | Reached skill level 10 in Axes
  9174 | D:9      | Found a white marble altar of Elyvilon.
  9209 | D:9      | Reached XP level 11. HP: 71/90 MP: 11/11
  9212 | D:9      | Reached skill level 10 in Fighting
  9214 | D:9      | Found a staircase to the Lair.
  9517 | D:9      | Noticed a two-headed ogre
  9522 | D:9      | Killed a two-headed ogre
  9725 | D:10     | Entered Level 10 of the Dungeon
  9725 | D:10     | Noticed a two-headed ogre
  9729 | D:10     | Killed a two-headed ogre
  9750 | D:10     | Noticed a boulder beetle
  9767 | D:10     | HP: 2/92 [boulder beetle (26)]
  9768 | D:10     | Slain by a boulder beetle

Illustrated notes

Levels and vault maps discovered:
D:1:      minmay_arrival_nine_rooms, layout_rooms,
          chequers_serial_rivers_large_b, serial_bayou_crossing
D:2:      layout_rooms, ebering_ecumenical_altar_mist, basic_altar,
          minmay_fractal_squares_gapless_5, uniq_terence, uniq_natasha,
          uniq_jessica
D:3:      layout_basic, okawaru_trees_1, minmay_close_crescents
D:4:      minmay_recursive_quarters, layout_basic, ebering_ghost_rock_garden,
          minmay_misc_feat_roman, interstate_on_off, patterned_corridor
D:5:      layout_basic, minmay_temple_entry_grid, uniq_ijyb
D:6:      layout_loops_ring
D:7:      cheibrodos_barr_body, layout_basic, evilmike_ruin_ashenzari
D:8:      layout_gridville, nicolae_qazlal_beasts_of_the_sky,
          mainiacjoe_overflow_chevrons,
          chequers_temple_overflow_statue_of_worship, enter_bailey_4,
          serial_glass, glass_columns_c, glass_columns_a, glass_columns_a,
          glass_columns_b, glass_columns_a, glass_columns_a, serial_shops, shop,
          minmay_splitting_lines, uniq_prince_ribbit1
D:9:      layout_loops_ring, fedhas_ov_isle_minmay, elyvilon_altar_1,
          hellmonk_lair_entry_icy
D:10:     layout_loops_cross, xom_butterflies, dk_yredelemnul_ordeal,
          mainiacjoe_overflow_surrounded_room, serial_shops, shop,
          nicolae_trove_entry_diagonal, nicolae_lava_and_water
Temple:   hellmonk_temple_divided_pantheon

Skill      XL: |  1  2  3  4  5  6  7  8  9 10 11 |
---------------+----------------------------------+-----
Armour         | 1 2 3 4 5 6 |  6.4
Fighting       | 3 4 5 6 8 9 10 | 10.6
Dodging        | 3 4 5 6 7 |  7.0
Axes           | 4 5 7 8 10 | 10.8
Throwing       | |  1.7

Action                     |  1- 3 |  4- 6 |  7- 9 | 10-12 || total
---------------------------+-------+-------+-------+-------++-------
  Melee: Dagger            |    55 |    93 |   183 |       ||   331
         War axe           |    57 |   101 |   426 |   386 ||   970
  Evoke: Wand              |       |       |       |     4 ||     4
    Use: Scroll            |     2 |       |    13 |    15 ||    30
         Potion            |       |       |     2 |     2 ||     4
   Stab: Sleeping          |     1 |       |       |       ||     1
         Distracted        |       |       |     1 |     3 ||     4
 Armour: Leather armour    |    29 |       |       |       ||    29
         Plate armour      |    37 |    91 |   320 |   207 ||   655
  Dodge: Dodged            |    36 |    20 |   108 |    77 ||   241

Table legend: (Time is in decaauts)
 A = Elapsed time spent in this place.
 B = Non-inter-level travel time spent in this place.
 C = Inter-level travel time spent in this place.
 D = Time resting spent in this place.
 E = Time spent auto-exploring this place.
 F = Levels seen in this place.
 G = Mean time per level.
                   A        B        C        D        E       F      G
               +--------+--------+--------+--------+--------+-----+--------+
         Total |   9833 |   9333 |    500 |    184 |   7362 |  12 |  819.4 |
       Dungeon |   9119 |   8619 |    500 |    184 |   6938 |  10 |  911.9 |
        Temple |     32 |     32 |      0 |      0 |      0 |   1 |   32.0 |
        Bailey |    681 |    681 |      0 |      0 |    423 |   1 |  681.0 |
               +--------+--------+--------+--------+--------+-----+--------+

Top non-repeatable levels by time:
     D:7: 1770 daAuts
     D:4: 1337 daAuts
     D:8: 1138 daAuts
     D:5: 1083 daAuts
     D:9: 851 daAuts
     D:6: 801 daAuts
     D:3: 791 daAuts
  Bailey: 681 daAuts
     D:2: 652 daAuts
     D:1: 649 daAuts
    D:10: 42 daAuts
  Temple: 32 daAuts
